[Event "Early-Titled-Tuesday-Blitz-August-29-2023"]
[Site "Chess.com"]
[Date "2023.08.29"]
[Round "1"]
[White "OlaaLa"]
[Black "kleinebeer98"]
[Result "1/2-1/2"]
[WhiteElo "2434"]
[BlackElo "2776"]
[TimeControl "180+1"]
[EndTime "8:10:31 PDT"]
[Termination "Game drawn by repetition"]

1. c4 e5 2. g3 h5 3. h3 c6 4. Bg2 d5 5. Qc2 dxc4 6. Qxc4 Be6 7. Qc2 Nf6 8. d3 Be7 9. Nf3 O-O 10. O-O Nbd7 11.
Nc3 Re8 12. Ng5 Bf5 13. Qb3 Bg6 14. Qxb7 Nc5 15. Qxc6 Rc8 16. Qf3 Qb6 17. h4 a5 18.
Bh3 Rb8 19. Bf5 Bxf5 20. Qxf5 g6 21. Qf3 Kg7 22. Nd5 Qd6 23. Nxe7 Rxe7 24. b3 a4 25. Bb2 axb3 26. a3 Na4 27. Rab1 Nxb2 28. Rxb2 Qxa3 29.
Rfb1 Rc7 30. d4 exd4 31. Rxb3 Rc1+ 32. Kg2 Rxb3 33. Qxb3 Qxb3 34. Rxb3 Rc2 35. Kf1 Ng4 36. Rb7 Ne5 37. Ne6+ Kf6 38. Nxd4 Rd2 39. e3 Ng4 40. Ke1 Rxf2 41. Rb6+ Kg7 42. Rb3 Rg2 43. Ne2 Rh2 44. Kd2 Nf6 45. Kd3 Rh1 46. e4 Rf1 47.
Nd4 Re1 48. Rb7 Rxe4 49. Nc6 Re6 50. Nd4 Ra6 51. Nf3 Ra3+ 52. Ke2 Ne4 53. Ne5 Nxg3+ 54. Ke1 Re3+ 55. Kf2 Rxe5 56. Kxg3 Rf5 57. Rc7 Kh6 58. Rb7 f6 59. Rb6 Rf1 60. Rc6 Rg1+ 61. Kh3 Rh1+ 62. Kg3 Rf1 63. Rb6 Kg7 64. Rb7+ Kf8 65. Ra7 g5 66.
Rh7 Rg1+ 67. Kh2 Rg4 68. hxg5 Rh4+ 69. Kg3 fxg5 70. Ra7 Rb4 71. Rh7 h4+ 72. Kh3 Kg8 73. Rc7 Rf4 74. Rc5 Rf3+ 75. Kh2 Rg3 76. Rc7 Rg4 77.
Kh3 Rg1 78. Kh2 Rg3 79. Rd7 Kf8 80. Ra7 Rf3 81. Rb7 Rf7 82. Rb5 Rg7 83. Kh3 Kg8 84. Kg4 Kh7 85. Rb6 Rg6 86. Rb7+ Kh6 87. Rb8 Rf6 88.
Rh8+ Kg7 89. Rb8 Kh6 90. Rh8+ Kg7 91. Rb8 Rg6 92. Rc8 Kh7 93. Rb8 Rg7 94. Rc8 Kh6 95. Rh8+ Kg6 96. Ra8 Rf7 97. Rg8+ Rg7 98. Rb8 Ra7 99.
Rb6+ Kg7 100. Kxg5 h3 101. Rb2 Ra4 102. Rh2 Kf7 103.
Rxh3 Ra5+ 104. Kf4 Kf6 105. Rh6+ Kg7 106. Rb6 Ra4+ 107. Kf5 Kf7 108. Rb7+ Ke8 109. Ke6 Ra6+ 110. Kd5 Rh6 111. Ra7 Kd8 112. Ra8+ Kd7 113. Ra7+ Kc8 114. Rg7 Rh5+ 115. Kd6 Rh6+ 116. Kd5 Ra6 117. Rg8+ Kd7 118. Rg7+ Ke8 119. Rg8+ Ke7 120. Rb8 Ra7 121. Rb6 Rd7+ 122. Ke5 Rd1 123. Rh6 Re1+ 124. Kd5 Rd1+ 125. Ke5 Re1+ 126. Kd5 Rd1+ 127. Ke5 1/2-1/2

[Event "Early-Titled-Tuesday-Blitz-August-29-2023"]
[Site "Chess.com"]
[Date "2023.08.29"]
[Round "1"]
[White "madmax011"]
[Black "Tomytoteph"]
[Result "0-1"]
[WhiteElo "2287"]
[BlackElo "2621"]
[TimeControl "180+1"]
[EndTime "8:10:33 PDT"]
[Termination "Tomytoteph won on time"]

1. d4 Nf6 2. c4 e6 3. Nc3 Bb4 4. Qc2 O-O 5. a3 Bxc3+ 6. Qxc3 d5 7. Nf3 c5 8. cxd5 cxd4 9. Qxd4 Nxd5 10. e3 Nc6 11. Qd1 Qf6 12. Bd3 Rd8 13. Qe2 b6 14. O-O Bb7 15. e4 Nf4 16. Bxf4 Qxf4 17. Rfd1 Nd4 18. Nxd4 Rxd4 19. Bc2 Rad8 20. Rxd4 Rxd4 21. Rd1 Rxd1+ 22. Qxd1 g6 23. h3 e5 24. f3 Ba6 25.
Bb3 Qe3+ 26. Kh1 Kg7 27. Qd5 Qc1+ 28. Kh2 Qf4+ 29. Kh1 Be2 30. Ba2 h5 31. Qb3 b5 32.
Qc2 Qe3 33. b4 Bf1 34. Qc7 Bxg2+ 35. Kxg2 Qe2+ 36. Kg1 Qxa2 37. Qxe5+ Kh7 38. Qxb5 Qxa3 39. Kg2 Qb2+ 40. Kg3 Qf6 41. Qd5 h4+ 42. Kg2 Kg7 43. e5 Qg5+ 44. Kf2 Qg3+ 45. Ke2 Qxh3 46. Qd4 Qg2+ 47.
Ke1 Qg3+ 48. Ke2 Kg8 49. Qd8+ Kh7 50. Qe7 Qh2+ 51. Ke3 Qg1+ 52. Ke2 h3 53. Qxf7+ Kh6 54. Qf8+ Kg5 55. Qf6+ Kh5 56. Qh8+ Kg5 57. Qf6+ Kh6 58.
Qh8+ Kg5 59. Qxh3 Qb1 60. Qg4+ Kh6 61. Qh4+ Kg7 62. Qe7+ Kh6 63. Qc5 a6 64. Qe3+ Kg7 65. Qa7+ Kh6 66. Qc5 Qa2+ 67. Ke3 g5 68. Qd6+ Kh5 69.
e6 Qb3+ 70. Ke4 Qc2+ 71. Ke3 Qc3+ 72. Ke4 Qe1+ 73. Kf5 Qb1+ 74. Kf6 Qg6+ 75. Ke5 Qg7+ 76. Kd5 Qg8 77. Kc6 Qa8+ 78. Kc5 Qxf3 79. e7 Qc3+ 80. Kd5 Qd3+ 81. Kc6 Qb5+ 82. Kc7 g4 83. Qh2+ Kg5 84.
Qd6 Kh4 85. Qc5 Qe8 86. Kd6 g3 87. Qd4+ Kh3 88. Qd3 Kh2 89. Qh7+ Kg1 90. Qc2 g2 91. Qd1+ Kh2 92. Qe2 Qb8+ 93. Kd7 Qb7+ 94. Kd8 Qb6+ 95. Kd7 Qd4+ 96. Kc8 Qc3+ 97. Kd8 Qf6 98. Qd2 Kh1 99.
Kd7 Qf5+ 100. Kd8 Qf6 101. Kd7 g1=Q 102. e8=Q Qa7+ 103. Kc8 Qa8+ 104. Kd7 Qf5+ 105. Ke7 Qae4+ 106. Kd6 Qxe8 107. Qc1+ Kg2 108. Qd2+ Kh3 109. Qc3+ Kg4 110. Qd4+ Qf4+ 0-1

[Event "Early-Titled-Tuesday-Blitz-August-29-2023"]
[Site "Chess.com"]
[Date "2023.08.29"]
[Round "2"]
[White "Dmitry_Konenkin"]
[Black "Djager97"]
[Result "0-1"]
[WhiteElo "2382"]
[BlackElo "2607"]
[TimeControl "180+1"]
[EndTime "8:12:31 PDT"]
[Termination "Djager97 won by resignation"]

1. d4 d5 2. Nc3 Nf6 3. Bf4 a6 4. e3 e6 5. Bd3 c5 6. Qf3 Nc6 7.
g4 c4 8. Be2 Bb4 9. Bg5 h6 10.
Bh4 g5 11. Bg3 Ne4 12. Kf1 Nd2+ 0-1

[Event "Early-Titled-Tuesday-Blitz-August-29-2023"]
[Site "Chess.com"]
[Date "2023.08.29"]
[Round "2"]
[White "salzikis"]
[Black "skkeyan1309"]
[Result "0-1"]
[WhiteElo "2409"]
[BlackElo "2682"]
[TimeControl "180+1"]
[EndTime "8:13:39 PDT"]
[Termination "skkeyan1309 won by resignation"]

1. e4 c5 2. Nf3 d6 3. Bc4 Nc6 4. c3 Nf6 5. d3 g6 6. O-O Bg7 7. h3 O-O 8. Re1 Na5 9. Bb5 a6 10. Ba4 b5 11. Bc2 Bb7 12. d4 cxd4 13. cxd4 Rc8 14. Bd2 Nc4 15. Bc3 d5 16. e5 Ne4 17. Bxe4 dxe4 18. Nfd2 b4 19. Bxb4 Nxb2 20. Qb3 Nd3 21. Rc1 Rxc1+ 0-1

[Event "Early-Titled-Tuesday-Blitz-August-29-2023"]
[Site "Chess.com"]
[Date "2023.08.29"]
[Round "2"]
[White "Sleepless_Knightmare"]
[Black "AndreiITrifan"]
[Result "0-1"]
[WhiteElo "2367"]
[BlackElo "2568"]
[TimeControl "180+1"]
[EndTime "8:13:47 PDT"]
[Termination "AndreiITrifan won by resignation"]

1. e4 d6 2. d4 Nf6 3. Nc3 g6 4.
Bg5 Bg7 5. e5 Nfd7 6. Nd5 Nc6 7.
Bb5 h6 8. Bxc6 hxg5 9. Bxd7+ Qxd7 10. Nf3 g4 11. Ng5 dxe5 12. dxe5 Bxe5 13. Qd2 c6 14. Ne3 Qxd2+ 15. Kxd2 Bxb2 16. Rab1 Bf6 17. Ne4 Be6 18. Rxb7 O-O-O+ 0-1

[Event "Early-Titled-Tuesday-Blitz-August-29-2023"]
[Site "Chess.com"]
[Date "2023.08.29"]
[Round "2"]
[White "carokannlover213"]
[Black "LileKoridze"]
[Result "1-0"]
[WhiteElo "2717"]
[BlackElo "2313"]
[TimeControl "180+1"]
[EndTime "8:13:57 PDT"]
[Termination "carokannlover213 won by resignation"]

1. Nf3 Nf6 2. b3 d5 3. Bb2 e6 4. e3 Be7 5. c4 O-O 6. Nc3 c5 7.
cxd5 exd5 8. d4 b6 9. Bd3 Bb7 10. O-O Nbd7 11. Rc1 Rc8 12. Qe2 Ne4 13. Ba6 Qc7 14.
dxc5 bxc5 15. Bxb7 Qxb7 16. Nxe4 dxe4 17. Nd2 Bf6 18.
Nc4 Qa6 19. Rfd1 Bxb2 20. Qxb2 Nf6 21. Rd6 Rc6 22. Rcd1 h6 23. h3 Qc8 24. Qa3 a6 25.
Rxc6 Qxc6 26. Rd6 Qb7 27. Qxc5 Rc8 28. Qb6 Qe7 29. Qxa6 1-0

[Event "Early-Titled-Tuesday-Blitz-August-29-2023"]
[Site "Chess.com"]
[Date "2023.08.29"]
[Round "2"]
[White "XDPS"]
[Black "realburq"]
[Result "1-0"]
[WhiteElo "2855"]
[BlackElo "2423"]
[TimeControl "180+1"]
[EndTime "8:14:06 PDT"]
[Termination "XDPS won by resignation"]

1. d4 Nf6 2. c4 e6 3. Nc3 Bb4 4. e3 O-O 5. Bd3 Re8 6. Nf3 Bxc3+ 7. bxc3 d6 8. e4 e5 9. h3 a5 10. O-O Nc6 11. Re1 b6 12. Bg5 h6 13. Bh4 Ba6 14. Rb1 g5 15. Nxg5 hxg5 16. Bxg5 exd4 17. Qf3 Ne5 18. Qg3 Ng6 19. cxd4 Nh5 20. Qe3 Ng7 21.
Bxd8 1-0

[Event "Early-Titled-Tuesday-Blitz-August-29-2023"]
[Site "Chess.com"]
[Date "2023.08.29"]
[Round "2"]
[White "rezamahdavi2008"]
[Black "Yuruultei"]
[Result "1-0"]
[WhiteElo "2754"]
[BlackElo "2406"]
[TimeControl "180+1"]
[EndTime "8:14:10 PDT"]
[Termination "rezamahdavi2008 won by resignation"]

1. d4 Nf6 2. c4 g6 3. Nc3 Bg7 4. e4 d6 5. Be2 O-O 6. Be3 e5 7. d5 a5 8. g4 Nfd7 9. h4 Na6 10.
g5 f5 11. gxf6 Nxf6 12. h5 Nc5 13. hxg6 Ncxe4 14. gxh7+ Kh8 15. Nxe4 Nxe4 16. Nf3 Bg4 17.
Nh4 Bf5 18. Nxf5 Rxf5 19. Bd3 Nxf2 20. Bxf2 Rxf2 21. Kxf2 Qf6+ 22. Qf3 Qg5 23. Ke2 Rf8 24. Qxf8+ Bxf8 25. Rag1 1-0

[Event "Early-Titled-Tuesday-Blitz-August-29-2023"]
[Site "Chess.com"]
[Date "2023.08.29"]
[Round "2"]
[White "DawidCzerw"]
[Black "cristiano78"]
[Result "1-0"]
[WhiteElo "2479"]
[BlackElo "2232"]
[TimeControl "180+1"]
[EndTime "8:14:12 PDT"]
[Termination "DawidCzerw won by resignation"]

1. e4 c5 2. Nf3 d6 3. d4 cxd4 4.
Nxd4 Nf6 5. Nc3 g6 6. Be3 Bg7 7. f3 O-O 8. Bc4 Nc6 9. Qd2 Bd7 10.
O-O-O Rc8 11. Bb3 Ne5 12. h4 h5 13. Bh6 Nc4 14. Bxc4 Rxc4 15. Bxg7 Kxg7 16. Nd5 e6 17.
Ne3 Ra4 18. Kb1 e5 19. Nb3 Be6 20. Qxd6 Qxd6 21. Rxd6 Rc8 22. Rhd1 Rb4 23. Rd8 Rc6 24. Nd5 Ra6 25. Nxb4 1-0

[Event "Early-Titled-Tuesday-Blitz-August-29-2023"]
[Site "Chess.com"]
[Date "2023.08.29"]
[Round "2"]
[White "HackWithBlack"]
[Black "vishwa_vijeta"]
[Result "0-1"]
[WhiteElo "2363"]
[BlackElo "2551"]
[TimeControl "180+1"]
[EndTime "8:14:14 PDT"]
[Termination "vishwa_vijeta won by resignation"]

1. c4 Nf6 2. g3 g6 3. Bg2 c6 4. Nf3 Bg7 5. O-O O-O 6. d4 d5 7. cxd5 cxd5 8. Nc3 Nc6 9. Ne5 e6 10. e3 Nxe5 11. dxe5 Nd7 12. f4 Nb6 13. Qb3 Bd7 14. Rd1 Qe7 15. e4 Qc5+ 16. Kh1 d4 17. Ne2 Ba4 18. Qd3 Bxd1 19. Qxd1 Rad8 20. Bd2 Nc4 21. Rc1 Qb5 22. b3 Ne3 23. Bxe3 dxe3 24. Qe1 Rd2 25. Bf3 h5 26. Rc3 Rfd8 0-1

[Event "Early-Titled-Tuesday-Blitz-August-29-2023"]
[Site "Chess.com"]
[Date "2023.08.29"]
[Round "2"]
[White "thedjoker98"]
[Black "Durarbayli"]
[Result "0-1"]
[WhiteElo "2579"]
[BlackElo "2893"]
[TimeControl "180+1"]
[EndTime "8:14:15 PDT"]
[Termination "Durarbayli won by resignation"]

1. d4 Nf6 2. c4 e6 3. Nc3 Bb4 4. g3 c5 5. Nf3 cxd4 6. Nxd4 Ne4 7. Qd3 Nxc3 8. bxc3 Be7 9. Bg2 d6 10. O-O a6 11. Rd1 Nd7 12. Ba3 Qc7 13. Nb3 Ne5 14.
Bxd6 Bxd6 15. Qxd6 Qxd6 16. Rxd6 Nxc4 17. Rd4 Ne5 18.
Na5 Ra7 19. Rb1 b5 20. a4 bxa4 21. f4 Nd7 22. Rc4 O-O 23. Rb8 Nxb8 0-1

[Event "Early-Titled-Tuesday-Blitz-August-29-2023"]
[Site "Chess.com"]
[Date "2023.08.29"]
[Round "2"]
[White "queen_iryna"]
[Black "Grossboss19"]
[Result "0-1"]
[WhiteElo "2342"]
[BlackElo "2524"]
[TimeControl "180+1"]
[EndTime "8:14:20 PDT"]
[Termination "Grossboss19 won by checkmate"]

1. e4 c5 2. Nf3 Nc6 3. Bb5 e6 4. Bxc6 bxc6 5. O-O d6 6. b3 Ne7 7. Bb2 Ng6 8. e5 d5 9. d3 Be7 10. c4 O-O 11. Nc3 f5 12. Na4 Rf7 13. Ba3 Qf8 14. Re1 Nh8 15. h4 Ng6 16. Ng5 Bxg5 17. hxg5 Qd8 18.
Qd2 f4 19. Bxc5 Qxg5 20. Bd6 Nh4 21. Kf1 Qxg2+ 22. Ke2 Qg4+ 23. Kf1 f3 24. Re3 Qg2+ 25. Ke1 Qg1# 0-1

[Event "Early-Titled-Tuesday-Blitz-August-29-2023"]
[Site "Chess.com"]
[Date "2023.08.29"]
[Round "2"]
[White "Vuk2000"]
[Black "jcreyes69"]
[Result "1-0"]
[WhiteElo "2744"]
[BlackElo "2387"]
[TimeControl "180+1"]
[EndTime "8:14:28 PDT"]
[Termination "Vuk2000 won by checkmate"]

1. d4 d5 2. Bf4 c5 3. e3 Nf6 4. c3 e6 5. Nd2 Nc6 6. Ngf3 cxd4 7. exd4 Nh5 8. Bg3 Be7 9. Bd3 O-O 10. Ne5 Nxg3 11.
Bxh7+ Kh8 12. hxg3 Bg5 13. Bg6+ Bh6 14. Nxf7+ Rxf7 15.
Bxf7 Qf6 16. Qh5 e5 17. Bxd5 exd4 18. Qe8+ Kh7 19. Bg8+ Kh8 20. Bf7+ Kh7 21. Qg8# 1-0

[Event "Early-Titled-Tuesday-Blitz-August-29-2023"]
[Site "Chess.com"]
[Date "2023.08.29"]
[Round "2"]
[White "A-Fier"]
[Black "GM4life"]
[Result "0-1"]
[WhiteElo "2790"]
[BlackElo "2518"]
[TimeControl "180+1"]
[EndTime "8:14:33 PDT"]
[Termination "GM4life won by resignation"]

1. e4 c5 2. Nf3 d6 3. d4 cxd4 4.
Nxd4 Nf6 5. Nc3 a6 6. Bg5 e6 7.
f4 Be7 8. Qf3 h6 9. Bh4 Qc7 10.
O-O-O Nbd7 11. Be2 Rb8 12. Qg3 O-O 13. Rhf1 b5 14. f5 Ne5 15. Nf3 b4 16. Nxe5 dxe5 17. Bxf6 Bxf6 18. Nb1 exf5 19. Bd3 f4 20. Qf2 Bg4 21.
Be2 Be6 22. b3 Rfc8 23. Bd3 a5 24. Nd2 Qc3 25. Kb1 a4 26. bxa4 Ra8 27. Nb3 Rxa4 28. Bb5 Rxa2 0-1

[Event "Early-Titled-Tuesday-Blitz-August-29-2023"]
[Site "Chess.com"]
[Date "2023.08.29"]
[Round "2"]
[White "WildTricks"]
[Black "dropstoneDP"]
[Result "1/2-1/2"]
[WhiteElo "2650"]
[BlackElo "2980"]
[TimeControl "180+1"]
[EndTime "8:14:35 PDT"]
[Termination "Game drawn by repetition"]

1. e4 e5 2. Nf3 Nf6 3. Nxe5 d6 4.
Nd3 Nxe4 5. Qe2 Qe7 6. Nf4 Nc6 7. Nd5 Nd4 8. Nxe7 Nxe2 9. Nd5 Nd4 10. Na3 Ne6 11.
f3 N4c5 12. d4 c6 13. dxc5 cxd5 14. cxd6 Bxd6 15. Nb5 Bc5 16. Bd2 Bd7 17. O-O-O a6 18. Nc3 Bc6 19. Bd3 g6 20. Kb1 h5 21. Ne2 O-O-O 22.
Nf4 Rhe8 23. Rhe1 Nxf4 24. Bxf4 Rxe1 25. Rxe1 Re8 26. Rxe8+ Bxe8 27. Kc1 Bb5 28. Kd2 Bxd3 29. Kxd3 Kd7 30. Be5 Ke6 31. Bd4 Bd6 32. h3 Kd7 33. g4 Ke6 34. a4 b5 35. axb5 axb5 36. b3 Bc7 37. Bb2 Bb6 38. Bd4 Bc7 39. Bb2 Bb6 40. Bd4 Bc7 1/2-1/2

[Event "Early-Titled-Tuesday-Blitz-August-29-2023"]
[Site "Chess.com"]
[Date "2023.08.29"]
[Round "2"]
[White "Casper"]
[Black "GianmarcoVaR"]
[Result "0-1"]
[WhiteElo "2414"]
[BlackElo "2749"]
[TimeControl "180+1"]
[EndTime "8:14:35 PDT"]
[Termination "GianmarcoVaR won by resignation"]

1. e4 c5 2. d4 cxd4 3. Qxd4 Nc6 4. Qe3 Nf6 5. Nc3 d6 6. Bd2 e6 7. O-O-O Be7 8. h4 a6 9. h5 b5 10. h6 g6 11. Kb1 b4 12. Nce2 Qc7 13. f3 d5 14. Nd4 dxe4 15. Bc4 Nxd4 16. Qxd4 e5 0-1

[Event "Early-Titled-Tuesday-Blitz-August-29-2023"]
[Site "Chess.com"]
[Date "2023.08.29"]
[Round "2"]
[White "Mmukka"]
[Black "zurzan"]
[Result "1-0"]
[WhiteElo "2440"]
[BlackElo "2081"]
[TimeControl "180+1"]
[EndTime "8:14:39 PDT"]
[Termination "Mmukka won by resignation"]

1. e4 g6 2. d4 Bg7 3. Nc3 c6 4.
Bc4 d6 5. a4 a5 6. Nf3 Nd7 7.
O-O e5 8. Be3 Ne7 9. Qd2 O-O 10.
Bh6 Qc7 11. Bxg7 Kxg7 12. Rad1 f5 13. exf5 Nxf5 14. dxe5 Nxe5 15. Nxe5 dxe5 16. Ne4 Qe7 17. c3 Be6 18. Bxe6 Qxe6 19. Qd7+ Qxd7 20. Rxd7+ Rf7 21. Rfd1 Rf8 22. Ng5 Re7 23. Ne6+ Kf7 24. Rxe7+ Kxe7 25. Nxf8 Kxf8 26. Rd7 b5 27. axb5 cxb5 28.
Rd5 1-0

[Event "Early-Titled-Tuesday-Blitz-August-29-2023"]
[Site "Chess.com"]
[Date "2023.08.29"]
[Round "2"]
[White "Goryachkina"]
[Black "rasmussvane"]
[Result "1/2-1/2"]
[WhiteElo "2637"]
[BlackElo "2968"]
[TimeControl "180+1"]
[EndTime "8:14:40 PDT"]
[Termination "Game drawn by agreement"]

1. e4 c6 2. d4 d5 3. exd5 cxd5 4. Bd3 Nc6 5. c3 Nf6 6. h3 e5 7. dxe5 Nxe5 8. Nf3 Nxd3+ 9. Qxd3 Be7 10. O-O O-O 11.
Bf4 Be6 12. Nbd2 Re8 13. Nd4 Qd7 14. Rfe1 Bc5 15. Bg5 Ne4 16. Nxe4 dxe4 17. Rxe4 f6 18. Bf4 Bf7 19. Rxe8+ Rxe8 20. a3 Bxd4 21. Qxd4 Qxd4 22. cxd4 Bd5 23. Be3 Rc8 24. Rc1 Rxc1+ 25. Bxc1 Kf7 26. f3 1/2-1/2

[Event "Early-Titled-Tuesday-Blitz-August-29-2023"]
[Site "Chess.com"]
[Date "2023.08.29"]
[Round "2"]
[White "tk22h"]
[Black "GroovyKettle"]
[Result "0-1"]
[WhiteElo "2491"]
[BlackElo "2901"]
[TimeControl "180+1"]
[EndTime "8:14:44 PDT"]
[Termination "GroovyKettle won by resignation"]

1. c4 e5 2. Nc3 Nf6 3. Nf3 Nc6 4. g3 Bb4 5. Bg2 O-O 6. O-O d6 7. Nd5 Nxd5 8. cxd5 Ne7 9. e4 f5 10. a3 Bc5 11. d3 Qe8 12. Qc2 Qh5 13. Nxe5 fxe4 14.
Nc4 exd3 15. Qxd3 Bg4 16. Qe4 Be2 17. Qe6+ Kh8 18. Be3 Bxc4 19. Bxc5 Bxf1 20. Rxf1 Rae8 21. Bd4 Nf5 0-1

[Event "Early-Titled-Tuesday-Blitz-August-29-2023"]
[Site "Chess.com"]
[Date "2023.08.29"]
[Round "2"]
[White "temiksmozg"]
[Black "vi_pranav"]
[Result "1/2-1/2"]
[WhiteElo "2654"]
[BlackElo "2993"]
[TimeControl "180+1"]
[EndTime "8:14:49 PDT"]
[Termination "Game drawn by repetition"]

1. e4 c6 2. Ne2 d5 3. e5 Bf5 4. Ng3 Bd7 5. d4 e6 6. Bd3 c5 7. c3 Nc6 8. Ne2 Nh6 9. O-O Be7 10. a3 Rc8 11. b4 b6 12. Nd2 cxd4 13. cxd4 f5 14.
exf6 Bxf6 15. Nf3 O-O 16. Bb1 Ne7 17. Bxh6 gxh6 18. Nf4 Qc7 19. Qd3 Nf5 20. Nh5 Qc3 21. Nxf6+ Rxf6 22. Qxc3 Rxc3 23. Bxf5 Rxf5 24. Ne5 Bb5 25. Rfc1 Rb3 26. Rcb1 Rc3 27. Rc1 Rb3 28. Rcb1 Rc3 29. Rc1 1/2-1/2

[Event "Early-Titled-Tuesday-Blitz-August-29-2023"]
[Site "Chess.com"]
[Date "2023.08.29"]
[Round "2"]
[White "Fan_Of_Chucky"]
[Black "Fraler15"]
[Result "1-0"]
[WhiteElo "2482"]
[BlackElo "2234"]
[TimeControl "180+1"]
[EndTime "8:14:55 PDT"]
[Termination "Fan_Of_Chucky won by resignation"]

1. d4 d5 2. c4 e6 3. Nf3 Nf6 4. g3 Be7 5. Bg2 O-O 6. O-O a5 7. Qc2 Nc6 8. a3 Bd7 9. Nbd2 a4 10. e4 dxe4 11. Nxe4 Nxe4 12. Qxe4 Na5 13. d5 exd5 14. cxd5 Bf6 15. Rb1 Re8 16. Qd3 Nb3 17. Be3 g6 18.
Qc4 Bf5 19. Rbd1 Bxb2 20. d6 cxd6 21. Ng5 Rxe3 22. Qxf7+ 1-0

[Event "Early-Titled-Tuesday-Blitz-August-29-2023"]
[Site "Chess.com"]
[Date "2023.08.29"]
[Round "2"]
[White "nihalsarin"]
[Black "Kostya0705"]
[Result "1-0"]
[WhiteElo "3140"]
[BlackElo "2665"]
[TimeControl "180+1"]
[EndTime "8:15:13 PDT"]
[Termination "nihalsarin won by resignation"]

1. b3 e5 2. Bb2 d6 3. d4 exd4 4.
Qxd4 Nf6 5. Nf3 Nc6 6. Qd1 Bf5 7.
e3 Be7 8. Bd3 Qd7 9. O-O O-O 10.
Nbd2 h6 11. h3 Bh7 12. Qe2 Rfe8 13. Bxh7+ Kxh7 14. Rad1 Qe6 15. c4 Ne5 16. Nd4 Qd7 17.
N2f3 Bf8 18. Nxe5 dxe5 19. Qc2+ g6 20. Nf3 Qe6 21. Bxe5 Bg7 22. Bxc7 Rac8 23. Be5 b5 24. c5 b4 25. Rd6 Qe7 26. Rfd1 Kg8 27. Bxf6 Bxf6 28.
Qc4 a5 29. c6 Kg7 30. Rd7 Qe6 31. c7 Qxc4 32. bxc4 Re6 33. Nd4 Bxd4 34. exd4 Rc6 35. d5 Ra6 36. d6 Raa8 37. c5 a4 38.
Rb1 b3 39. axb3 a3 40. b4 a2 41. Ra1 Kf6 42. b5 Ra5 43. b6 Rb5 44. Rxa2 1-0

[Event "Early-Titled-Tuesday-Blitz-August-29-2023"]
[Site "Chess.com"]
[Date "2023.08.29"]
[Round "2"]
[White "Gyulamiryan-koryun"]
[Black "MusicCityMaster"]
[Result "0-1"]
[WhiteElo "2057"]
[BlackElo "2437"]
[TimeControl "180+1"]
[EndTime "8:15:14 PDT"]
[Termination "MusicCityMaster won by resignation"]

1. d4 Nf6 2. c4 c5 3. Nf3 cxd4 4. Nxd4 e5 5. Nb5 d5 6. cxd5 Bc5 7. N5c3 O-O 8. h3 e4 9. e3 Qe7 10. Bc4 Rd8 11. Qe2 Nbd7 12. O-O Ne5 13. Nd2 Bf5 14. Nb3 Bd6 15. Nb5 Bb8 16. N3d4 Bg6 17. Bd2 a6 18. Nc3 Qc7 19. Bb3 Nf3+ 20. Nxf3 exf3 21. d6 Qxd6 0-1

[Event "Early-Titled-Tuesday-Blitz-August-29-2023"]
[Site "Chess.com"]
[Date "2023.08.29"]
[Round "2"]
[White "parintele_chess"]
[Black "LangesNasenhaar"]
[Result "1/2-1/2"]
[WhiteElo "2228"]
[BlackElo "2466"]
[TimeControl "180+1"]
[EndTime "8:15:19 PDT"]
[Termination "Game drawn by repetition"]

1. d4 g6 2. e4 Bg7 3. c4 d6 4.
Nc3 e5 5. dxe5 dxe5 6. Qxd8+ Kxd8 7. Bg5+ f6 8. O-O-O+ Bd7 9. Be3 c6 10. f4 Bh6 11. g3 Kc7 12. Bh3 Bxh3 13. Nxh3 Nd7 14. Nf2 Ne7 15. Ng4 Bg7 16. fxe5 Nxe5 17. Nxe5 fxe5 18. Bg5 Rae8 19. Rhf1 h6 20. Rf7 hxg5 21. Rxg7 Rxh2 22. c5 b6 23. Na4 Re2 24. Rd6 Rxe4 25.
b3 Re3 26. Re6 Kd7 27. Rd6+ Kc7 28. Re6 Kd7 29. Rd6+ Kc7 1/2-1/2

[Event "Early-Titled-Tuesday-Blitz-August-29-2023"]
[Site "Chess.com"]
[Date "2023.08.29"]
[Round "2"]
[White "Vaibhavraut99"]
[Black "Arseniy_Nesterov"]
[Result "0-1"]
[WhiteElo "2569"]
[BlackElo "2873"]
[TimeControl "180+1"]
[EndTime "8:15:20 PDT"]
[Termination "Arseniy_Nesterov won by resignation"]

1. c4 e6 2. Nf3 d5 3. d4 Nf6 4. g3 Be7 5. Bg2 O-O 6. O-O dxc4 7. Qc2 a6 8. a4 Bd7 9. Qxc4 Bc6 10. Bg5 Nbd7 11. Nc3 a5 12. Bxf6 Nxf6 13. Rac1 Bxf3 14. Bxf3 c6 15. e3 Bb4 16. Rfd1 Qe7 17. Ne4 Nd7 18. h4 g6 19. Bg2 Kg7 20. Ng5 h6 21. Ne4 Rfd8 22.
Qe2 Rac8 23. h5 g5 24. Nc3 Nf6 25. Ne4 Nd7 26. b3 e5 27. dxe5 Nxe5 28. Rxd8 Rxd8 29.
Rd1 Rxd1+ 30. Qxd1 f5 31. Nd2 Qd6 32. f4 Bxd2 33.
Qa1 Bxe3+ 34. Kh1 gxf4 0-1

[Event "Early-Titled-Tuesday-Blitz-August-29-2023"]
[Site "Chess.com"]
[Date "2023.08.29"]
[Round "2"]
[White "Ariadna_Atreides"]
[Black "Aswathchess"]
[Result "0-1"]
[WhiteElo "2238"]
[BlackElo "2483"]
[TimeControl "180+1"]
[EndTime "8:15:20 PDT"]
[Termination "Aswathchess won by resignation"]

1. d4 Nf6 2. Nf3 e6 3. e3 c5 4. Bd3 Nc6 5. O-O d5 6. b3 Bd6 7. Bb2 O-O 8. Nbd2 Qc7 9. dxc5 Bxc5 10. c4 dxc4 11. Nxc4 Rd8 12. Qe2 b6 13. Nfe5 Bb7 14. Rac1 b5 15. Nxc6 Qxc6 16. f4 bxc4 17. Bxf6 cxd3 18.
Qg4 Bxe3+ 19. Kh1 Qxg2+ 20. Qxg2 Bxg2+ 21. Kxg2 gxf6 22. Rc7 Rac8 23. Rxa7 Bxa7 0-1

[Event "Early-Titled-Tuesday-Blitz-August-29-2023"]
[Site "Chess.com"]
[Date "2023.08.29"]
[Round "2"]
[White "amanjazu"]
[Black "betta2004"]
[Result "0-1"]
[WhiteElo "2315"]
[BlackElo "2514"]
[TimeControl "180+1"]
[EndTime "8:15:21 PDT"]
[Termination "betta2004 won by resignation"]

1. g3 h5 2. Bg2 h4 3. d4 d6 4. e4 Nc6 5. c3 e5 6. d5 Nce7 7. Bg5 h3 8. Bf3 f6 9. Be3 g6 10. Ne2 f5 11. O-O Bh6 12. Qd2 Bd7 13. Bh1 Bxe3 14.
Qxe3 Nf6 15. f4 Ng4 16. Qd2 c6 17. fxe5 dxe5 18. exf5 Qb6+ 19. Nd4 exd4 20. Qxd4 Qxd4+ 21. cxd4 Nxf5 22. Re1+ Kf7 23. Nc3 Rae8 24. dxc6 Bxc6 25. d5 Bd7 26. Ne4 Kg7 27. Nc5 Bc8 28. Bf3 Ne5 29. Be4 b6 30. Nb3 Bb7 31. Rad1 Nd6 32. Nd4 Nxe4 33. Rxe4 Nf3+ 0-1

[Event "Early-Titled-Tuesday-Blitz-August-29-2023"]
[Site "Chess.com"]
[Date "2023.08.29"]
[Round "2"]
[White "Boundless_Strike"]
[Black "SpongeBob_03"]
[Result "1-0"]
[WhiteElo "2467"]
[BlackElo "2171"]
[TimeControl "180+1"]
[EndTime "8:15:21 PDT"]
[Termination "Boundless_Strike won by checkmate"]

1. d3 e5 2. a3 d5 3. e4 dxe4 4.
Nc3 exd3 5. Bxd3 Nf6 6. Bg5 Nc6 7. Qe2 Be7 8. O-O-O Nd4 9. Qxe5 c5 10. Nf3 Ng4 11.
Qxg7 Rf8 12. Rhe1 Ne6 13. Bb5+ Bd7 14. Rxe6 fxe6 15. Rxd7 Qxd7 16. Qxe7# 1-0

[Event "Early-Titled-Tuesday-Blitz-August-29-2023"]
[Site "Chess.com"]
[Date "2023.08.29"]
[Round "2"]
[White "AleksandraMilovic"]
[Black "Defend1r"]
[Result "0-1"]
[WhiteElo "2072"]
[BlackElo "2529"]
[TimeControl "180+1"]
[EndTime "8:15:26 PDT"]
[Termination "Defend1r won on time"]

1. e4 c5 2. f3 e6 3. d4 cxd4 4.
Qxd4 Nc6 5. Qd3 d5 6. exd5 exd5 7. Bf4 Bc5 8. Nc3 Nge7 9. O-O-O Be6 10. Be3 Bb4 11.
Nge2 Bf5 12. Qd2 O-O 13. Nd4 Bg6 14. Bd3 Rc8 15. Bxg6 hxg6 16. h4 Qa5 17. Kb1 Ne5 18. Nde2 Nc4 19. Qd4 Nf5 0-1